 Dungeon Crawl Stone Soup version 0.22.2-1-ge965b3aba3 (webtiles) character file.

96 Freitmort the Conjurer (level 4, -3/24 HPs)
             Began as a Deep Elf Conjurer on July 19, 2019.
             Killed from afar by Sigmund (4 damage)
             ... with a magic dart
             ... on level 2 of the Dungeon.
             The game lasted 00:10:04 (1641 turns).

Freitmort the Conjurer (Deep Elf Conjurer)          Turns: 1641, Time: 00:10:05

Health: -3/24      AC:  2    Str:  6    XL:     4   Next: 41%
Magic:  5/11       EV: 13    Int: 20    God:
Gold:   92         SH:  0    Dex: 15    Spells: 3/10 levels left

rFire    . . .     SeeInvis .   (no weapon)
rCold    . . .     Gourm    .   (no shield)
rNeg     . . .     Faith    .   a - +0 robe
rPois    .         Spirit   .   (no helmet)
rElec    .         Reflect  .   (no cloak)
rCorr    .         Harm     .   (no gloves)
MR       .....                  (no boots)
Stlth    ++........             (no amulet)
HPRegen  0.08/turn              (no ring)
MPRegen  0.12/turn              (no ring)

@: no status effects
A: no striking features
a: no special abilities


You were on level 2 of the Dungeon.
You were not hungry.

You visited 1 branch of the dungeon, and saw 2 of its levels.

You collected 92 gold pieces.

Inventory:

Armour
 a - a +0 robe (worn)
 j - a +0 cloak
Jewellery
 b - an uncursed amulet of the gourmand {unknown}
 f - an uncursed ring of stealth {unknown}
Scrolls
 d - a scroll of magic mapping {unknown}
 e - a scroll of enchant weapon {unknown}
 h - a scroll of remove curse {unknown}
 i - a scroll of enchant armour {unknown}
 m - a scroll of teleportation {unknown}
Potions
 g - a potion of flight {unknown}
 l - a potion of lignification {unknown}
Comestibles
 c - a ration


   Skills:
 + Level 2.5 Dodging
 + Level 2.7 Stealth
 + Level 3.7 Spellcasting
 + Level 6.1 Conjurations


You had 3 spell levels left.
You knew the following spells:

 Your Spells              Type           Power        Failure   Level  Hunger
a - Magic Dart            Conj           ####         1%          1    None
b - Searing Ray           Conj           ####..       1%          2    ##.....
c - Iskenderun's Mystic   Conj           ####....     11%         4    ####...

Your spell library contained the following spells:

 Spells                   Type           Power        Failure   Level  Hunger
 Dazzling Spray           Conj/Hex       ###...       12%         3    ###....
 Force Lance              Conj/Tloc      ###.....     36%         4    ####...
 Fulminant Prism          Conj/Hex       ###.......   36%         4    ####...


Dungeon Overview and Level Annotations

Branches:
Dungeon (2/15)

Altars:
Ru

Annotations:
D:2 1 runed door, Sigmund


Message History

The puff of flame hits you!
Ouch! That really hurt!
Sigmund gestures wildly while chanting.
Sigmund flickers and vanishes!
Deactivating autopickup; reactivate with Ctrl-A.
You see here a rat corpse.
A magic dart appears from out of thin air!
The magic dart hits you!
* * * LOW HITPOINT WARNING * * *
A puff of flame appears from out of thin air!
The puff of flame misses you.
You are confused.
A magic dart appears from out of thin air!
The magic dart hits you!
* * * LOW HITPOINT WARNING * * *
You're too confused to move!
You feel less confused.
A magic dart appears from out of thin air!
The magic dart hits you!
You die...

##'######........#.PP≈≈≈P≈≈...≈≈♣
##.#.........###....♣≈≈≈≈≈...≈≈♣♣
.#.#.............#.##P≈≈≈≈....P♣.
.'[≈.≈.......###.....♣≈≈≈P≈...≈#.
.#≈.≈.≈..........#.##♣P≈≈≈≈...##.
.##...###....###..<.#♣P≈≈≈♣...##.
.##.≈.# #..........# #♣≈PPP......
.##...###...#......# ♣≈P≈≈......
.##.≈.#.....#...@..# ##♣≈♣...#...
###...#..####......###..♣†..##...
..#.≈.#..#####+#...#.............
..#...#............#.............
..#≈_≈##...........#..........†#.
..# #...........#...........#.
..######...........#.............
........#...###.>..#.............
........#...# ###..##............


There were no monsters in sight!

Vanquished Creatures
  An orc wizard (D:2)
  2 adders (D:2)
  A dart slug (D:2)
  A leopard gecko (D:1)
  3 orcs (D:2)
  A giant cockroach (D:1)
  8 goblins
  7 hobgoblins
  4 jackals (D:1)
  2 kobolds
  A quokka (D:2)
  4 bats
  3 frilled lizards (D:2)
  7 rats
45 creatures vanquished.

Notes
Turn   | Place    | Note
-------+----------+-------------------------------------------
     0 | D:1      | Freitmort the Deep Elf Conjurer began the quest for the
                  | Orb.
     0 | D:1      | Reached XP level 1. HP: 10/10 MP: 6/6
   212 | D:1      | Reached XP level 2. HP: 15/15 MP: 0/8
   403 | D:1      | Reached skill level 5 in Conjurations
   810 | D:2      | Reached XP level 3. HP: 19/19 MP: 6/9
   902 | D:2      | Found a runed door.
  1183 | D:2      | Reached XP level 4. HP: 24/24 MP: 8/11
  1261 | D:2      | Found a sacrificial altar of Ru.
  1275 | D:2      | Learned a level 2 spell: Searing Ray
  1280 | D:2      | Learned a level 4 spell: Iskenderun's Mystic Blast
  1360 | D:2      | Noticed Sigmund
  1494 | D:2      | Reached skill level 6 in Conjurations
  1639 | D:2      | HP: 1/24 [something/magic dart (5)]
  1641 | D:2      | Killed from afar by Sigmund

Skill      XL: |  1  2  3  4 |
---------------+-------------+-----
Conjurations   | 5 6 |  6.1
Dodging        | |  2.5
Stealth        | |  2.7
Spellcasting   | |  3.7

Action                   |  1- 3 |  4- 6 || total
-------------------------+-------+-------++-------
 Cast: Magic Dart        |    55 |    31 ||    86
       Iskenderun's Myst |       |     2 ||     2
       Searing Ray       |       |     1 ||     1
  Eat: Chunk             |     1 |     1 ||     2
Dodge: Dodged            |     1 |     1 ||     2
